 Dungeon Crawl Stone Soup version 0.21-a0-552-g593960d (webtiles) character file.

74 Lanoc the Digger (level 4, -3/36 HPs)
             Began as a Deep Dwarf Earth Elementalist on Dec 17, 2017.
             Slain by a gnoll
             ... wielding a +0 spear
              (8 damage)
             ... on level 3 of the Dungeon.
             The game lasted 00:06:43 (2339 turns).

Lanoc the Digger (Deep Dwarf Earth Elementalist)    Turns: 2339, Time: 00:06:43

Health: -3/36      AC:  2    Str: 11    XL:     4   Next: 9%
Magic:  1/7        EV: 13    Int: 17    God:
Gold:   189        SH:  0    Dex: 13    Spells: 1/7 levels left

rFire    . . .     SeeInvis .   (no weapon)
rCold    . . .     Gourm    .   (no shield)
rNeg     . . .     Faith    .   c - +0 robe
rPois    .         Spirit   .   (no helmet)
rElec    .         Reflect  .   (no cloak)
rCorr    .         Harm     .   (no gloves)
MR       .....                  (no boots)
Stlth    ++........             (no amulet)
HPRegen  0.00/turn              (no ring)
MPRegen  0.10/turn              (no ring)

@: very slightly contaminated, non-regenerating
A: damage resistance, heal wounds, sense surroundings 1, no regeneration
a: Heal Wounds


You were on level 3 of the Dungeon.
You were not hungry.

You visited 1 branch of the dungeon, and saw 3 of its levels.

You collected 189 gold pieces.

Inventory:

Armour
 c - a +0 robe (worn)
Wands
 o - a wand of enslavement (12)
Scrolls
 f - a scroll of remove curse {unknown}
 g - a scroll of random uselessness {unknown}
 h - 2 scrolls of teleportation {unknown}
 l - 4 scrolls of fog {unknown}
 n - 3 scrolls of identify {unknown}
 p - 2 scrolls of enchant armour {unknown}
 q - a scroll of magic mapping {unknown}
Potions
 b - a potion of curing {unknown}
 i - 2 potions of berserk rage {unknown}
 j - a potion of invisibility {unknown}
Books
 e - a book of Geomancy

   Spells                             Type                      Level
   a - Sandblast                      Earth                        1
   b - Passwall                       Transmutation/Earth          2
   c - Stone Arrow                    Conjuration/Earth            3
   d - Petrify                        Transmutation/Earth          4
   e - Lee's Rapid Deconstruction     Earth                        5
Comestibles
 a - 2 meat rations
 d - a bread ration
 k - a royal jelly


   Skills:
 + Level 3.0 Dodging
 - Level 2.4 Stealth
 + Level 2.4 Spellcasting
 - Level 0.8 Transmutations
 * Level 5.4 Earth Magic


You had one spell level left.
You knew the following spells:

 Your Spells              Type           Power        Failure   Level  Hunger
a - Sandblast             Erth           ###...       1%          1    #......
b - Passwall              Tmut/Erth      ##........   8%          2    ##.....
c - Stone Arrow           Conj/Erth      ##....       19%         3    ###....


Dungeon Overview and Level Annotations

Branches:
Dungeon (3/15)

Altars:
Cheibriados
Dithmenos
Qazlal
Vehumet


Innate Abilities, Weirdness & Mutations

You are resistant to damage.
You can heal yourself by infusing magical energy.
You passively map a small area around you.
You do not regenerate.


Message History

Aim: a hobgoblin, wielding a club You miscast Stone Arrow.
You are very lightly contaminated with residual magic.
You feel earthy.
You completely miss the hobgoblin.
The hobgoblin hits you but does no damage.
You hit the hobgoblin.
The hobgoblin is heavily wounded.
The hobgoblin barely misses you.
You hit the hobgoblin but do no damage.
The hobgoblin is heavily wounded.
The hobgoblin misses you. The hobgoblin hits you with a club.
* * * LOW HITPOINT WARNING * * *
A gnoll comes into view. It is wielding a spear.
You strike the helpless gnoll from behind!
You hit the gnoll.
The gnoll is lightly wounded.
The gnoll hits you with a spear!
You die...

# #..............).<..##.....§§§
# ####...................#..≈≈§≈
######..................###......
....##.................## #.≈....
..............##......_# #...###
##.........##########.## #..##
*#####...#.# ##.# #.## ,,
*##>....# ######..# #.# , ,
..#....# #.@g....# #.# *
##.##...# #g#####.# #.##### , #.
#...###.# ##.# #...... #.
#.......# #..# ##.####
,*#...<)#####.## #.# ,
....###..##...# #.# #
#......g..### #.# ,
g....##.#..##### #.# , .....
#.#......### #.##


You could see a gnoll and a hobgoblin.

Vanquished Creatures
  An adder (D:3)
  A gnoll (D:3)
  A worm (D:2)
  A dart slug (D:2)
  2 leopard geckos (D:1)
  An orc (D:3)
  2 ball pythons
  3 bats
  A giant cockroach (D:1)
  6 goblins
  5 hobgoblins
  3 jackals (D:1)
  A quokka (D:3)
  7 frilled lizards (D:1)
  4 kobolds
  6 rats
45 creatures vanquished.

Notes
Turn   | Place    | Note
-------+----------+-------------------------------------------
     0 | D:1      | Lanoc the Deep Dwarf Earth Elementalist began the quest for the Orb.
     0 | D:1      | Reached XP level 1. HP: 15/15 MP: 3/3
   302 | D:1      | Reached XP level 2. HP: 22/22 MP: 1/4
   574 | D:1      | Learned a level 2 spell: Passwall
  1172 | D:2      | Reached XP level 3. HP: 21/28 MP: 4/6
  1177 | D:2      | Learned a level 3 spell: Stone Arrow
  1330 | D:2      | Reached skill level 5 in Earth Magic
  1636 | D:2      | Found a shadowy altar of Dithmenos.
  1787 | D:2      | Found a snail-covered altar of Cheibriados.
  1986 | D:3      | Found a radiant altar of Vehumet.
  2168 | D:3      | Reached XP level 4. HP: 8/36 MP: 0/7
  2245 | D:3      | Found a stormy altar of Qazlal.
  2339 | D:3      | Slain by a gnoll

Vault maps used:
D:1:      denvon_arrival_waterhouse, minmay_lizard_king
D:2:      nicolae_dithmenos_through_a_glass_darkly, kennysheep_slug_shrine,
          grunt_decor_mini_mirrors
D:3:      overflow_temple_1_default, nicolae_qazlal_general_emergency

Skill      XL: |  1  2  3 |
---------------+----------+-----
Spellcasting   | 2 |  2.4
Earth Magic    | 5 |  5.4
Dodging        | 3 |  3.0
Stealth        | |  2.4
Transmutations | |  0.8

Action                   |  1- 3 |  4- 6 || total
-------------------------+-------+-------++-------
Melee: Unarmed           |    31 |     4 ||    35
 Cast: Sandblast         |    46 |       ||    46
       Stone Arrow       |     6 |     2 ||     8
 Stab: Distracted        |     1 |     1 ||     2
  Eat: Chunk             |     5 |       ||     5
       Bread ration      |       |     1 ||     1
Armor: Robe              |     6 |     1 ||     7
Dodge: Dodged            |    26 |     2 ||    28

Table legend:
 A = Spawn XP
 B = Non-spawn XP
 C = Spawn XP percentage of total XP
 D = Spawn monster count
 E = Non-spawn monster count
 F = Spawn count percentage of total count
 G = Total turns spent on level
                    A         B        C        D         E        F      G
               +---------+---------+-------+---------+---------+-------+---------
         Total |       0 |     106 |   0.0 |       0 |      45 |   0.0 |  2339
               +---------+---------+-------+---------+---------+-------+---------
           D:1 |       0 |      40 |   0.0 |       0 |      25 |   0.0 |  1112
           D:2 |       0 |      29 |   0.0 |       0 |      13 |   0.0 |   874
           D:3 |       0 |      37 |   0.0 |       0 |       7 |   0.0 |   353
               +---------+---------+-------+---------+---------+-------+---------
